 Dungeon Crawl Stone Soup version 0.29-a0-330-g52719c12eb (webtiles) character file.

Game seed: 5345679044966494270

71875 tilp the Destroyer (level 14, -5/70 HPs)
             Began as a Felid Ice Elementalist on Apr 19, 2022.
             Was the Champion of Vehumet.
             Slain by an entropy weaver (10 damage)
             ... on level 2 of the Spider Nest on Apr 20, 2022.
             The game lasted 01:37:26 (43544 turns).

tilp the Destroyer (Felid Ice Elementalist)        Turns: 43544, Time: 01:37:26

Health: -5/70      AC: -1    Str:  4    XL:     14   Next: 99%
Magic:  18/29      EV: 23    Int: 22    God:    Vehumet [******]
Gold:   3483       SH:  0    Dex: 19    Spells: 0/33 levels left
                                        Lives:  0   Deaths: 3

rFire   . . .      SeeInvis +     - Unarmed
rCold   + . .      Faith    .   (shield unavailable)
rNeg    . . .      Spirit   .   (body armour unavailable)
rPois   +          Reflect  .   (helmet unavailable)
rElec   .          Harm     .   (cloak unavailable)
rCorr   .          Rampage  .   (gloves unavailable)
Will    ++...                   (boots unavailable)
Stlth   +++++.....              w - amulet of magic regeneration
HPRegen 0.21/turn               d - ring of poison resistance
MPRegen 0.61/turn               H - +4 ring of protection

@: corroded, very slightly contaminated, unable to drink, quick
A: very small, claws 1, fangs 3, see invisible, speed 1, shaggy fur 3, stealthy
paws, no weapons or thrown items, no armour, multi-lived
a: Renounce Religion


You were on level 2 of the Spider Nest.
You worshipped Vehumet.
Vehumet was exalted by your worship.
You visited 6 branches of the dungeon, and saw 29 of its levels.
You visited 1 bazaar.
You also visited: Sewer.

You collected 3879 gold pieces.
You spent 396 gold pieces at shops.

Inventory:

Jewellery
 d - a ring of poison resistance (left paw)
 h - a ring of ice
 l - a +6 ring of intelligence
 q - a ring of flight
 w - an amulet of magic regeneration (around neck)
 A - a ring of fire
 C - a ring of positive energy
 D - a ring of resist corrosion
 H - a +4 ring of protection (right paw)
 J - an amulet of reflection
 S - a ring of willpower
 V - an amulet of faith
Wands
 f - a wand of acid (3)
 s - a wand of iceblast (14)
 z - a wand of flame (72)
 G - a wand of charming (16)
 I - a wand of digging (7)
 P - a wand of mindburst (12)
Scrolls
 b - 8 scrolls of teleportation
 e - 3 scrolls of fog
 n - 3 scrolls of amnesia
 p - 12 scrolls of immolation
 u - 4 scrolls of vulnerability
 v - a scroll of torment
 x - 3 scrolls of magic mapping
 K - a scroll of silence
 L - a scroll of blinking
 N - a scroll of acquirement
 T - a scroll of holy word
Potions
 a - 2 potions of magic
 c - 14 potions of ambrosia
 g - 7 potions of lignification
 i - 8 potions of brilliance
 j - 6 potions of haste
 m - 7 potions of heal wounds
 o - 13 potions of curing
 r - 3 potions of mutation
 t - 4 potions of invisibility
 B - 7 potions of flight
 E - 3 potions of berserk rage
 F - 3 potions of resistance
 O - 4 potions of attraction
 Q - a potion of cancellation
 R - 4 potions of might
Miscellaneous
 k - a piece from Xom's chessboard (15/15)
 y - a phial of floods
 M - a lightning rod (4/4)
 U - a box of beasts


   Skills:
 + Level 13.0 Fighting
 - Level 8.0 Dodging
 - Level 10.0 Stealth
 - Level 8.0 Unarmed Combat
 + Level 10.2 Spellcasting
 * Level 13.6 Conjurations
 + Level 7.3 Translocations
 + Level 5.2 Transmutations
 * Level 13.6 Ice Magic
 + Level 2.3 Air Magic
 + Level 9.9 Evocations


You couldn't memorise any spells.
You knew the following spells:

 Your Spells              Type           Power      Damage    Failure   Level
a - Irradiate             Conj/Tmut      26%        3d22      1%          5
b - Frozen Ramparts       Ice            100%       1d12      1%          3
c - Ozocubu's Armour      Ice            63%        N/A       1%          3
d - Hailstorm             Conj/Ice       63%        3d13      1%          4
e - Iskenderun's Mystic   Conj/Tloc      55%        2d12      1%          4
f - Blink                 Tloc           86%        N/A       1%          2
g - Ozocubu's Refrigerat  Ice            31%        4d11      5%          7
h - Freezing Cloud        Conj/Ice/Air   26%        6-21      1%          5

Your spell library contained the following spells:

 Spells                   Type           Power      Damage    Failure   Level
 Ignition                 Fire           5%         3d4       100%        8
 Freeze                   Ice            100%       1d11      0%          1
 Static Discharge         Conj/Air       46%        N/A       1%          2
 Sticky Flame             Conj/Fire      41%        2d6       1%          4
 Lightning Bolt           Conj/Air       23%        1d38      1%          5
 Corpse Rot               Necr/Air       32%        N/A       5%          2
 Pain                     Necr           44%        1d6       6%          1
 Manifold Assault         Tloc           43%        N/A       9%          5
 Metabolic Englaciation   Hex/Ice        20%        N/A       10%         5
 Summon Forest            Summ/Tloc      13%        N/A       36%         5
 Lee's Rapid Deconstruct  Erth           5%         3d7*      38%         5
 Dispel Undead            Necr           11%        3d9       52%         4
 Leda's Liquefaction      Hex/Erth       5%         N/A       52%         4
 Eringya's Noxious Bog    Tmut/Pois      11%        N/A       58%         6
 Agony                    Necr           11%        N/A       86%         5
 Summon Mana Viper        Hex/Summ       11%        N/A       86%         5
 Statue Form              Tmut/Erth      14%        N/A       97%         6
 Death Channel            Necr           5%         N/A       100%        6
 Summon Cactus Giant      Summ           5%         N/A       100%        6
 Storm Form               Tmut/Air       13%        N/A       100%        7
 Summon Hydra             Summ           5%         N/A       100%        7
 Maxwell's Capacitive Co  Air            10%        ∞         100%        8
 Dragon's Call            Summ           5%         N/A       100%        9
 Excruciating Wounds      Necr           Unusable   N/A       N/A         5

Dungeon Overview and Level Annotations

Branches:
Dungeon (15/15)            Temple (1/1) D:4            Lair (6/6) D:11
  Swamp (3/4) Lair:4       Spider (2/4) Lair:3        Slime (0/5) Lair:5
    Orc (2/2) D:11            Elf (0/3) Orc:2        Vaults (0/5) D:13
 Depths (0/4) D:15          Sewer (visited)

Altars:
Ashenzari
Cheibriados
Dithmenos
Elyvilon
Fedhas
Gozag
Hepliaklqana
Kikubaaqudgha
Makhleb
Nemelex Xobeh
Okawaru
Qazlal
Ru
Sif Muna
Trog
Uskayaw
Vehumet
Wu Jian
Xom
Yredelemnul
Zin
The Shining One
Beogh
Jiyva
Lugonu

Shops:
D:8 [   Orc:2 (!=*

Portals:
Abyss: D:8

Annotations:
D:12 exclusion: death knight
D:13 2 transporters, Frances; Wega Keu's ghost, journeyman MiCK
D:14 Louise
Swamp:2 exclusions: 2 swamp worms and tentacled monstrosity
Swamp:3 3 runed translucent doors, Neengup's ghost, journeyman FeFi


Innate Abilities, Weirdness & Mutations

You have sharp claws.
You have razor-sharp teeth.
You have supernaturally acute eyesight. (SInv)
You cover ground quickly. (Speed+)
Your thick and shaggy fur keeps you warm. (AC +3, rC+)
Your paws help you pounce on unaware monsters.
You are incapable of wielding weapons or throwing items.
You cannot wear armour.
You gain extra lives every three experience levels.


Message History

You climb downwards.
The entropy weaver completely misses you.
The entropy weaver hits you but does no damage.
The entropy weaver hits you! The entropy weaver hits you.
The entropy weaver casts a spell at you.
The entropic weave corrodes you!
There is a stone staircase leading up here.
Casting: Ozocubu's Refrigeration (quite dangerous; 5% risk of failure)
Confirm with . or Enter, or press ? or * to list all spells.
The spell is quite dangerous to miscast (5% risk of failure)!
Continue anyway?
The heat is drained from your surroundings.
You feel very cold.
The entropy weavers, the tarantella and the redback are frozen.
The entropy weaver is heavily wounded.
You kill the tarantella!
Vehumet accepts your kill.
The entropy weaver is heavily wounded.
You kill the redback!
Vehumet accepts your kill.
You feel your power returning. The entropy weaver hits you.
The entropy weaver hits you! The entropy weaver barely misses you.
The entropy weaver hits you.
Unknown command.
Unknown command.
Casting: Ozocubu's Refrigeration (quite dangerous; 5% risk of failure)
Confirm with . or Enter, or press ? or * to list all spells.
The spell is quite dangerous to miscast (5% risk of failure)!
Continue anyway?
You miscast Ozocubu's Refrigeration.
You are very lightly contaminated with residual magic.
You are covered in a thin layer of ice.
You resist. The entropy weaver hits you. x2
* * * LOW HITPOINT WARNING * * *
The entropy weaver completely misses you.
The entropy weaver hits you!
* * * LOW HITPOINT WARNING * * *
The entropy weaver points at you and mumbles some strange words.
The entropic weave corrodes you! The entropy weaver hits you!
* * * LOW HITPOINT WARNING * * *
The entropy weaver hits you!
You die...

#.....####
^....
#...^.^..#
#.^..#
#...##..##
#####
#.......####.##
#.#.>...#.....#
#....#......#
#....#...####
#.......B.##
#.>....#@..#
#....".#.†.##
#......###B.#
#...#....^..#
#......sB..##
#..........##
#.#...B#....#
#^.......####
#........# .


You could see 2 entropy weavers.

Vanquished Creatures
  Jorgrun (D:13)
  Donald (Orc:2)
  5 bunyips
  2 entropy weavers
  4 spark wasps
  Snorg (Orc:1)
  2 ettins
  Josephine (Orc:1)
  An ogre mage (Orc:1)
  A great orb of eyes (Lair:1)
  3 boulder beetles
  13 hydras
  3 centaur warriors
  10 two-headed ogres
  5 catoblepae
  4 alligators
  The ghost of robertstho the Thaumaturge, a journeyman DEFE of Sif Muna (Lair:1)
  16 death yaks
  Amaemon (Lair:3)
  4 goliath frogs
  A pharaoh ant (Spider:2)
  Lodul (D:12)
  4 spriggan druids
  7 bog bodies
  2 wizards (D:13)
  A necromancer (D:13)
  8 orc knights
  A deep elf pyromancer (D:13)
  2 ugly things
  2 orc sorcerers (Orc:1)
  4 wolf spiders
  5 manticores
  3 will-o-the-wisps
  8 cyclopes
  A moth of wrath (Spider:1)
  Maurice (Orc:1)
  6 black mambas
  16 cane toads
  15 elephants
  3 torpor snails
  An unseen horror (D:11)
  2 gargoyles
  2 demonic crawlers (Spider:1)
  An orange demon (Lair:3)
  6 kobold demonologists
  8 rime drakes (Lair:6)
  11 komodo dragons
  8 trolls
  3 bloated husks
  A queen bee (D:13)
  2 polar bears
  3 meliai (D:13)
  5 tarantellas
  4 tyrant leeches
  14 blink frogs
  8 slime creatures
  2 culicivoras
  2 jumping spiders
  Sigmund (D:5)
  A spriggan (shapeshifter) (D:14)
  15 wyverns
  3 wraiths
  78 yaks
  14 vampire mosquitoes
  14 redbacks
  A steam dragon (D:7)
  7 basilisks
  Menkaure (D:7)
  6 wargs (Orc:2)
  5 acid dragons
  13 swamp worms
  15 water moccasins
  Duvessa (D:5)
  A hell hound (Lair:6)
  2 ice beasts
  2 swamp drakes
  53 orc warriors
  2 black bears
  A sky beast (D:6)
  6 wolves (Lair:5)
  15 ogres
  A tengu (D:14)
  17 centaurs
  11 kobold brigands
  A phantom (D:5)
  16 bullfrogs
  2 scorpions
  3 wights (D:7)
  Dowan (D:5)
  32 killer bees
  2 howler monkeys
  An electric eel (Lair:1)
  The ghost of robertstho the Firebug, a weakling DEFE (D:3)
  18 orc priests
  5 jellies
  2 hounds
  7 hell rats (Lair:6)
  3 iguanas
  20 orc wizards
  10 adders
  8 river rats (Sewer)
  3 white imps
  An ufetubus (D:7)
  2 worms
  3 dart slugs
  118 orcs
  7 ball pythons
  2 endoplasms (Sewer)
  11 goblins
  5 hobgoblins
  9 jackals
  11 quokkas
  5 bats
  7 frilled lizards
  39 kobolds
  29 rats
  A spectral orc (D:4)
  A bush (D:11)
  A butterfly (Lair:1)
926 creatures vanquished.

Vanquished Creatures (collateral kills)
  2 eleionomae
2 creatures vanquished.

Vanquished Creatures (others)
  An alligator (Swamp:3)
  An orc (D:10)
  2 foxfires (Swamp:3)
  43 fungi
  92 plants
  14 withered plants (D:15)
153 creatures vanquished.

Grand Total: 1081 creatures vanquished

Notes
Turn   | Place    | Note
-------+----------+-------------------------------------------
     0 | D:1      | tilp the Felid Ice Elementalist began the quest for the
                  | Orb.
     0 | D:1      | Reached XP level 1. HP: 7/7 MP: 4/4
   722 | D:1      | Reached XP level 2. HP: 12/12 MP: 4/6
   791 | D:1      | Found Ituheag's Jewellery Shoppe.
   980 | D:1      | Reached skill level 1 in Fighting
  1389 | D:1      | Reached XP level 3. HP: 13/15 MP: 0/7
  1491 | D:1      | Learned a level 3 spell: Frozen Ramparts
  2126 | D:2      | Found a faded altar of an unknown god.
  2292 | D:2      | Reached XP level 4. HP: 19/19 MP: 4/8
  2300 | D:2      | Learned a level 3 spell: Ozocubu's Armour
  2550 | D:3      | Found a runed translucent gate.
  2550 | D:3      | Found a runed translucent gate.
  2550 | D:3      | Found a runed translucent gate.
  2551 | D:3      | Noticed robertstho's ghost (weakling DEFE)
  3779 | D:4      | Reached XP level 5. HP: 22/22 MP: 4/10
  3899 | D:4      | Reached skill level 5 in Ice Magic
  4357 | D:4      | Found a hazy altar of Hepliaklqana.
  4520 | D:4      | Noticed a black bear
  4528 | D:4      | Killed a black bear
  4529 | D:4      | Gained mutation: You are covered in thick fur. (AC +2)
                  | [Felid growth]
  4529 | D:4      | Reached XP level 6. HP: 27/27 MP: 2/11
  4812 | D:4      | Found an opulent altar of Gozag.
  4895 | D:4      | Found a staircase to the Ecumenical Temple.
  5088 | Temple   | Entered the Ecumenical Temple
  5152 | Temple   | Became a worshipper of Vehumet
  5189 | D:5      | Entered Level 5 of the Dungeon
  5315 | D:5      | Found a glowing drain.
  5352 | Sewer    | Entered a sewer
  5485 | Sewer    | Learned a level 4 spell: Hailstorm
  5827 | Sewer    | Reached * piety under Vehumet
  5827 | Sewer    | Offered knowledge of Sandblast by Vehumet.
  5836 | Sewer    | Reached skill level 1 in Unarmed Combat
  6499 | Sewer    | Reached XP level 7. HP: 31/31 MP: 7/12
  6778 | Sewer    | Identified a scroll of acquirement
  6778 | Sewer    | Acquired the Tome of Creation and Weightlessness
  7069 | D:5      | Found a bloodstained altar of Trog.
  7211 | D:5      | Noticed Sigmund
  7230 | D:5      | Killed Sigmund
  7231 | D:5      | Reached skill level 5 in Stealth
  7301 | D:5      | Found a sparkling altar of Nemelex Xobeh.
  7454 | D:5      | Noticed Dowan
  7824 | D:6      | Noticed a cyclops
  8021 | D:6      | Found a blossoming altar of Fedhas.
  8044 | D:6      | Reached skill level 1 in Conjurations
  8044 | D:6      | Reached XP level 8. HP: 28/36 MP: 5/13
  8431 | D:5      | Offered knowledge of Static Discharge by Vehumet.
  8700 | D:6      | Reached ** piety under Vehumet
  9080 | D:7      | Noticed Menkaure
  9089 | D:7      | Killed Menkaure
  9117 | D:7      | Reached skill level 5 in Fighting
  9698 | D:7      | Reached XP level 9. HP: 32/40 MP: 7/16
  9784 | D:7      | Identified the +2 robe of Yffiocw {*Corrode rN++}
 10492 | D:7      | Found a basalt altar of Yredelemnul.
 10884 | D:8      | Found Sajoju's Antique Armour Shoppe.
 11026 | D:8      | Found a large runed translucent door.
 11027 | D:8      | Found a large runed translucent door.
 11032 | D:8      | Found a corrupted altar of Lugonu.
 11033 | D:8      | Noticed a cyan ugly thing
 11033 | D:8      | Noticed a kobold demonologist
 11068 | D:8      | Offered knowledge of Inner Flame by Vehumet.
 11079 | D:8      | Reached skill level 5 in Conjurations
 11442 | D:8      | Reached skill level 5 in Spellcasting
 11699 | D:8      | Identified the +10 dagger "Nyrye" {distort, rF- Str+4
                  | Dex+4}
 11699 | D:8      | Noticed a kobold demonologist
 11854 | D:8      | Reached *** piety under Vehumet
 11964 | D:8      | Found a one-way gate to the infinite horrors of the Abyss.
 12296 | D:9      | Noticed a two-headed ogre
 12304 | D:9      | Killed a two-headed ogre
 12833 | D:9      | Found a hide-covered altar of Uskayaw.
 12862 | D:9      | Noticed a kobold demonologist
 12867 | D:9      | Noticed an ice devil
 12869 | D:9      | Reached XP level 10. HP: 45/45 MP: 10/18
 12974 | D:9      | Offered knowledge of Iskenderun's Mystic Blast by Vehumet.
 13422 | D:10     | Entered Level 10 of the Dungeon
 13428 | D:10     | Noticed a gargoyle
 13434 | D:10     | Killed a gargoyle
 13677 | D:10     | Reached skill level 5 in Dodging
 13682 | D:10     | Learned a level 4 spell: Iskenderun's Mystic Blast
 13685 | D:10     | Learned a level 2 spell: Blink
 13750 | D:10     | Reached skill level 1 in Translocations
 13812 | D:10     | Noticed a seven-headed hydra
 13873 | D:10     | Reached **** piety under Vehumet
 13880 | D:10     | Offered knowledge of Irradiate by Vehumet.
 13881 | D:10     | Reached skill level 5 in Evocations
 13947 | D:10     | Reached XP level 11. HP: 47/49 MP: 10/19
 14503 | D:11     | Found a staircase to the Orcish Mines.
 14657 | D:11     | Found a staircase to the Lair.
 14748 | D:11     | Noticed a two-headed ogre
 14755 | D:11     | Killed a two-headed ogre
 14794 | D:11     | Reached skill level 5 in Unarmed Combat
 15304 | D:3      | Killed robertstho's ghost
 15426 | D:5      | Noticed Duvessa
 15437 | D:5      | Killed Duvessa
 15452 | D:5      | Killed Dowan
 15796 | Lair:1   | Entered Level 1 of the Lair of Beasts
 17135 | Lair:1   | Found a runed translucent gate.
 17135 | Lair:1   | Found a runed translucent gate.
 17135 | Lair:1   | Found a runed translucent gate.
 17136 | Lair:1   | Found a viscous altar of Jiyva.
 17136 | Lair:1   | Noticed robertstho's ghost (journeyman DEFE)
 17136 | Lair:1   | Noticed a great orb of eyes
 17413 | Lair:1   | You fall into a shaft and drop 1 floor!
 18093 | Lair:2   | Gained mutation: Your thick and shaggy fur keeps you warm.
                  | (AC +3, rC+) [Felid growth]
 18093 | Lair:2   | Reached XP level 12. HP: 44/56 MP: 19/21
 18106 | Lair:2   | Learned a level 5 spell: Irradiate
 18529 | Lair:2   | Noticed a catoblepas
 18554 | Lair:2   | Noticed a death yak
 18554 | Lair:2   | Noticed a death yak
 18559 | Lair:2   | Noticed a death yak
 18559 | Lair:2   | Noticed a death yak
 18750 | Lair:2   | Noticed a death yak
 18752 | Lair:2   | Noticed a death yak
 18758 | Lair:2   | Killed a death yak
 18762 | Lair:2   | Killed a death yak
 18763 | Lair:2   | Reached skill level 1 in Transmutations
 19197 | Lair:3   | Noticed Amaemon
 19214 | Lair:3   | Killed Amaemon
 19215 | Lair:3   | Reached skill level 5 in Translocations
 19473 | Lair:3   | Found a hole to the Spider Nest.
 19499 | Lair:3   | Reached ***** piety under Vehumet
 19499 | Lair:3   | Offered knowledge of Starburst by Vehumet.
 20839 | Lair:4   | Noticed a boulder beetle
 20839 | Lair:4   | Noticed a death yak
 20839 | Lair:4   | Noticed a death yak
 20839 | Lair:4   | Noticed a death yak
 20839 | Lair:4   | Found a staircase to the Swamp.
 20840 | Lair:4   | Noticed a death yak
 20840 | Lair:4   | Noticed a death yak
 20994 | Lair:4   | Reached XP level 13. HP: 33/60 MP: 24/24
 21702 | Lair:4   | Reached skill level 10 in Fighting
 22472 | Lair:5   | Reached skill level 10 in Conjurations
 22472 | Lair:5   | Reached skill level 10 in Ice Magic
 22570 | Lair:5   | HP: 3/61 [blink frog (8)]
 23125 | Lair:5   | Found a viscous altar of Jiyva.
 23125 | Lair:5   | Found a staircase to the Slime Pits.
 23723 | Lair:1   | Killed robertstho's ghost
 25350 | Orc:1    | Entered Level 1 of the Orcish Mines
 25357 | Orc:1    | Noticed Josephine
 25669 | Orc:1    | Killed Josephine
 26102 | Lair:6   | Entered Level 6 of the Lair of Beasts
 26197 | Lair:6   | Reached skill level 10 in Stealth
 26197 | Lair:6   | Reached XP level 14. HP: 56/67 MP: 25/25
 26205 | Lair:6   | Offered knowledge of Ozocubu's Refrigeration by Vehumet.
 27052 | Lair:6   | Learned a level 7 spell: Ozocubu's Refrigeration
 27177 | Lair:6   | Mangled by a six-headed hydra
 27178 | Lair:6   | Reached XP level 13. HP: -8/61 MP: 9/26
 27232 | Lair:6   | Got Ziges's Collected Works on Icy Lightness
 27759 | Lair:6   | Identified the +1 pair of boots of Compression {rN++}
 28297 | Orc:2    | Entered Level 2 of the Orcish Mines
 28558 | Orc:2    | Noticed an ettin
 28560 | Orc:2    | Noticed Donald
 29074 | Orc:1    | Noticed an ettin
 29109 | Orc:1    | Killed an ettin
 29178 | Orc:1    | Offered knowledge of Fireball by Vehumet.
 29362 | Orc:1    | Noticed Maurice
 29388 | Orc:1    | Killed Maurice
 29559 | Orc:1    | Shot with a bolt by an orc knight
 29560 | Orc:1    | Reached XP level 12. HP: -1/61 MP: 21/26
 29697 | Orc:1    | Noticed Snorg
 29725 | Orc:1    | Killed Snorg
 29971 | Orc:2    | Found a staircase to the Elven Halls.
 30133 | Orc:2    | Reached XP level 13. HP: 64/64 MP: 21/27
 30287 | Orc:2    | Killed an ettin
 30538 | Orc:2    | Killed Donald
 30796 | Orc:2    | Noticed Sonja
 30916 | Orc:2    | Noticed Sonja
 30916 | Orc:2    | Sonja changed into Sonja the ice beast
 30920 | Orc:2    | Killed Sonja the ice beast
 31043 | Orc:2    | Offered knowledge of Iron Shot by Vehumet.
 31112 | Orc:2    | Found Enoggiubb's General Store.
 31112 | Orc:2    | Found Plog's Jewellery Emporium.
 31212 | Orc:2    | Found Detuir Ceico's Distillery.
 31212 | Orc:2    | Found Sughet's Antique Weapon Emporium.
 31853 | D:12     | Identified the +10 rapier of Starshine {pain, rF+}
 31860 | D:12     | Found a flickering gateway to a bazaar.
 32077 | Bazaar   | Entered a bazaar
 32077 | Bazaar   | Found Lodghe's Antique Weapon Boutique.
 32077 | Bazaar   | Found Iladgh's Weapon Shoppe.
 32077 | Bazaar   | Found Xiaxaz's General Store.
 32077 | Bazaar   | Found Guts's Book Shoppe.
 32476 | D:12     | Reached ****** piety under Vehumet
 32697 | D:12     | Noticed Lodul
 32706 | D:12     | Killed Lodul
 32787 | Orc:2    | Bought a wand of mindburst (5) for 90 gold pieces
 32787 | Orc:2    | Bought a wand of mindburst (7) for 110 gold pieces
 32787 | Orc:2    | Bought a potion of resistance for 100 gold pieces
 32817 | Orc:2    | Bought a potion of cancellation for 96 gold pieces
 33385 | D:13     | Identified the +5 chain mail "Baoruyc" {+Blink rCorr
                  | Slay+2}
 33457 | D:13     | Noticed Frances
 33475 | D:13     | Offered knowledge of Iskenderun's Battlesphere by Vehumet.
 33476 | D:13     | Reached XP level 14. HP: 69/69 MP: 9/28
 33720 | D:13     | Found a transporter.
 33722 | D:13     | Found a transporter.
 33739 | D:13     | Noticed Wega Keu's ghost (journeyman MiCK)
 33927 | D:13     | Found a bloodstained altar of Trog.
 33947 | D:13     | Noticed Jorgrun
 33953 | D:13     | Killed Jorgrun
 34648 | D:13     | Found a gate to the Vaults.
 35034 | D:14     | You fall into a shaft and drop 1 floor!
 35034 | D:15     | Entered Level 15 of the Dungeon
 35034 | D:15     | Found a staircase to the Depths.
 35834 | D:14     | Noticed Nessos
 35836 | D:14     | Noticed Nessos
 35836 | D:14     | Nessos changed into Nessos the tengu
 35842 | D:14     | Killed Nessos the tengu
 36219 | D:14     | Noticed Louise
 36997 | Lair:6   | Offered knowledge of Eringya's Noxious Bog by Vehumet.
 38101 | Swamp:1  | Entered Level 1 of the Swamp
 38545 | Swamp:1  | Reached XP level 15. HP: 43/73 MP: 19/29
 38760 | Swamp:1  | HP: 2/73 [eleionoma/spray of wooden splinters (43)]
 39323 | Swamp:1  | Learned a level 5 spell: Freezing Cloud
 39631 | Swamp:2  | Noticed a tentacled monstrosity
 41106 | Swamp:3  | Reached skill level 1 in Air Magic
 41193 | Swamp:3  | Found a runed translucent gate.
 41193 | Swamp:3  | Found a runed translucent gate.
 41193 | Swamp:3  | Found a runed translucent gate.
 41193 | Swamp:3  | Noticed Neengup's ghost (journeyman FeFi)
 41242 | Swamp:3  | Killed from afar by a bog body
 41243 | Swamp:3  | Reached XP level 14. HP: 0/69 MP: 6/28
 41322 | Swamp:3  | Acquired a +6 ring of intelligence
 41422 | Swamp:3  | Reached skill level 10 in Spellcasting
 42362 | Spider:1 | Entered Level 1 of the Spider Nest
 42688 | Spider:1 | Reached skill level 5 in Transmutations
 42762 | Spider:1 | Offered knowledge of Ignition by Vehumet.
 43544 | Spider:2 | Slain by an entropy weaver

Illustrated notes

Levels and vault maps discovered:
D:1:      psy_arrival_basics, layout_rooms, serial_rivers,
          chequers_serial_rivers_micro_c, chequers_serial_rivers_small_b,
          chequers_serial_rivers_micro_a, chequers_serial_rivers_room_a,
          chequers_serial_rivers_room_a, serial_shops,
          nicolae_shop_advertising_works [nicolae_subvault_shop_adworks],
          minmay_tetromino_o4
D:2:      layout_rooms, hellmonk_ecumenical_altar_dog_temple, solitary_fountain
D:3:      layout_loops_ring, gammafunk_ghost_split
D:4:      layout_basic, nicolae_hepliaklqana_monster_ancestors,
          nicolae_gozag_cash_rules_everything_around_me, temple_hall,
          corexii_shack, minmay_misc_feat_rows
D:5:      layout_cave_pods, overflow_temple_1_default, general_overflow_altar,
          gup_sewer_entry_bowl, uniq_duvessa, uniq_sigmund
D:6:      layout_rooms, mainiacjoe_overflow_chevrons, serial_bayou_crossing
D:7:      layout_loops_corners, lemuel_tele_altar, uniq_menkaure
D:8:      due_chaos_kobolds, layout_basic, serial_shops, nicolae_stop_n_shop_1
D:9:      layout_basic, nicolae_uskayaw_murder_on_the_dancefloor
D:10:     layout_roguey
D:11:     layout_roguey, lair_entry_dummy, orc_0_dummy, kb_lookout_dungeons_type
D:12:     layout_roguey [special_room_orc], serial_aquarium,
          aquarium_bridge_square [aquarium_subvault_window,
          aquarium_subvault_bridge, aquarium_subvault_wall,
          aquarium_subvault_window], aquarium_window_2, aquarium_window_2,
          aquarium_view_2d, serial_shops, bzr_entry_islet, uniq_lodul
D:13:     layout_roguey [special_room_bee], david_vaults_1,
          gammafunk_ghost_wrathful_warriors, uniq_jorgrun, uniq_frances
D:14:     layout_long_grid, minmay_misc_feat_roman, st_stairs_12, uniq_louise,
          uniq_nessos
D:15:     gammafunk_depths_entry_grave, layout_rooms, serial_shops,
          nicolae_inconvenience_store, grunt_potential
Temple:   eino_wide_crystal_templ
Lair:1:   layout_chaotic_city, gammafunk_ghost_ooze, serial_bayou_shore_a,
          grunt_megastairs_1, lemuel_fruit_fields
Lair:2:   hellmonk_destroyed_diamonds, layout_regular_city, serial_bayou,
          serial_bayou_pond_d, serial_bayou_lagoon_a, serial_bayou_pond_e,
          serial_bayou_ford_a, bh_autumn_forest_stairs,
          eino_small_chamber_without_monster, grunt_forest_small_clearings,
          lemuel_fruit_tree
Lair:3:   layout_roguey, spider_nest_entry_web_field, grunt_megastairs_3,
          uniq_amaemon
Lair:4:   layout_hall_layers, swamp_mist, nicolae_quartered_pool_super,
          grunt_megastairs_5
Lair:5:   hellmonk_ruined_rings, layout_loops_ring, slime_altar_1,
          small_statue_intersection
Lair:6:   evilmike_catoblepas_cave, layout_cave_pods, special_room
          [special_room_mythical_zoo], minmay_lair_drake_nest,
          infiniplex_staircase_pool
Swamp:1:  layout_falls_marsh, serial_swamp_ruin, evilmike_swamp_ruin_house_4,
          evilmike_swamp_ruin_rubble_2, evilmike_swamp_ruin_house_1
Swamp:2:  layout_basic_swamp, hangedman_swamp_ruin_wall
Swamp:3:  layout_basic_swamp, gammafunk_ghost_hydra_chop,
          evilmike_swamp_ruin_house_6, hangedman_swamp_cone
Spider:1: layout_spider_delve
Spider:2: layout_spider_delve, drop_trap, nicolae_spider_stair_cavern,
          uniq_arachne
Orc:1:    nicolae_orc_accident_3, layout_caves, minmay_orc_temple_a,
          uniq_josephine, uniq_maurice, uniq_snorg
Orc:2:    st_orc_town, layout_caves, portal_ice_cave_entry_pillars_2, rock_pile,
          uniq_donald, uniq_sonja

Skill      XL: |  1  2  3  4  5  6  7  8  9 10 11 12 13 14 15 |
---------------+----------------------------------------------+-----
Ice Magic      | 4 6 7 8 9 12 13 | 13.6
Fighting       | 1 2 3 4 5 6 8 9 11 13 | 13.0
Spellcasting   | 3 4 5 6 9 10 | 10.2
Dodging        | 3 4 5 6 8 |  8.0
Stealth        | 3 6 7 8 10 | 10.0
Unarmed Combat | 1 2 4 6 7 8 |  8.0
Conjurations   | 1 4 6 8 9 12 13 | 13.6
Evocations     | 2 5 6 8 9 |  9.9
Translocations | 2 4 6 7 |  7.3
Transmutations | 4 5 |  5.2
Air Magic      | 2 1 |  2.3

Action                   |  1- 3 |  4- 6 |  7- 9 | 10-12 | 13-15 || total
-------------------------+-------+-------+-------+-------+-------++-------
Melee: Unarmed           |    15 |    26 |   160 |   222 |   261 ||   684
       Bite              |       |     6 |    19 |    58 |    46 ||   129
       Punch             |       |       |     3 |    17 |    22 ||    42
 Cast: Freeze            |    48 |    29 |    47 |    39 |     1 ||   164
       Frozen Ramparts   |    12 |    36 |    31 |    65 |   139 ||   283
       Ozocubu's Armour  |       |    13 |    27 |    51 |   119 ||   210
       Hailstorm         |       |       |    18 |    97 |   364 ||   479
       Iskenderun's Myst |       |       |       |    75 |   194 ||   269
       Irradiate         |       |       |       |     4 |    40 ||    44
       Ozocubu's Refrige |       |       |       |       |    98 ||    98
       Blink             |       |       |       |       |     1 ||     1
       Freezing Cloud    |       |       |       |       |     2 ||     2
Evoke: Wand              |       |       |       |     3 |    20 ||    23
       Box of beasts     |       |       |       |       |     1 ||     1
  Use: Scroll            |     4 |     8 |    10 |     2 |    19 ||    43
       Potion            |       |       |     1 |       |     3 ||     4
 Stab: Sleeping          |     3 |     9 |     8 |    10 |    13 ||    43
       Paralysed         |       |       |       |       |     5 ||     5
       Petrified         |       |       |       |       |     1 ||     1
Armor: Skin              |     2 |     5 |    38 |    53 |    94 ||   192
Dodge: Dodged            |    37 |    42 |   188 |   202 |   457 ||   926

Table legend: (Time is in decaauts)
 A = Elapsed time spent in this place.
 B = Non-inter-level travel time spent in this place.
 C = Inter-level travel time spent in this place.
 D = Time resting spent in this place.
 E = Time spent auto-exploring this place.
 F = Levels seen in this place.
 G = Mean time per level.
                   A        B        C        D        E       F      G
               +--------+--------+--------+--------+--------+-----+--------+
         Total |  39593 |  37142 |   2451 |  10814 |  19278 |  31 | 1277.2 |
       Dungeon |  17807 |  16444 |   1363 |   2956 |  10737 |  15 | 1187.1 |
        Temple |     64 |     36 |     28 |      0 |     23 |   1 |   64.0 |
          Lair |  11764 |  11118 |    646 |   3988 |   4955 |   6 | 1960.7 |
         Swamp |   3872 |   3669 |    203 |   1548 |   1486 |   3 | 1290.7 |
   Spider Nest |    913 |    882 |     31 |    328 |    401 |   2 |  456.5 |
  Orcish Mines |   3579 |   3402 |    177 |   1202 |   1296 |   2 | 1789.5 |
        Bazaar |     87 |     87 |      0 |      0 |     77 |   1 |   87.0 |
         Sewer |   1503 |   1503 |      0 |    791 |    299 |   1 | 1503.0 |
               +--------+--------+--------+--------+--------+-----+--------+

Top non-repeatable levels by time:
  Lair:6: 2956 daAuts
  Lair:2: 2141 daAuts
   Orc:1: 2122 daAuts
  Lair:1: 2018 daAuts
  Lair:4: 1993 daAuts
  Lair:3: 1902 daAuts
     D:7: 1646 daAuts
 Swamp:3: 1602 daAuts
     D:8: 1553 daAuts
   Sewer: 1503 daAuts
   Orc:2: 1457 daAuts
     D:1: 1435 daAuts
    D:13: 1411 daAuts
     D:5: 1378 daAuts
    D:12: 1344 daAuts
